 Dungeon Crawl Stone Soup version 0.30-a0-632-g346586fe48 (webtiles) character file.

Game seed: 4813190599020827946

107 funkygono the Firebug (level 4, -11/30 HPs)
             Began as a Demonspawn Fire Elementalist on Jan 13, 2023.
             Killed from afar by a steam dragon (13 damage)
             ... with a ball of steam
             ... on level 4 of the Dungeon.
             The game lasted 00:05:14 (4219 turns).

funkygono the Firebug (DsFE)                        Turns: 4219, Time: 00:05:15

Health: -11/30     AC:  5    Str: 14    XL:     4   Next: 56%
Magic:  5/8        EV: 12    Int: 18    God:
Gold:   130        SH:  0    Dex: 14    Spells: 3/9 levels left

rFire   . . .      SeeInvis .    i - +2 dagger (venom)
rCold   . . .      Faith    .    (no shield)
rNeg    . . .      Spirit   .    r - +2 leather armour {Will+}
rPois   .          Reflect  .    (helmet restricted)
rElec   .          Harm     .    (no cloak)
rCorr   .          Rampage  .    (no gloves)
Will    +....                    (no boots)
Stlth   ++                       o - amulet of the acrobat
HPRegen 0.25/turn                s - +6 ring of strength
MPRegen 0.11/turn                (no ring)

@: very slightly contaminated
A: antennae 2, demonic guardian 1
a: no special abilities


You were on level 4 of the Dungeon.
You visited 1 branch of the dungeon, and saw 4 of its levels.

You collected 130 gold pieces.

Inventory:

Hand Weapons
 c - a +0 short sword
 f - a +0 whip
 i - a +2 dagger of venom (weapon)
Armour
 a - a +0 robe
 r - a +2 leather armour of willpower (worn)
Magical Staves
 e - a staff of conjuration
Jewellery
 g - an amulet of faith
 o - an amulet of the acrobat (around neck)
 s - a +6 ring of strength (left hand)
Wands
 k - a wand of charming (7)
Scrolls
 l - a scroll of brand weapon {unknown}
 n - a scroll of poison {unknown}
 p - a scroll of blinking {unknown}
 q - a scroll of teleportation {unknown}
 t - a scroll of silence {unknown}
 u - a scroll of amnesia {unknown}
 v - a scroll of identify {unknown}
Potions
 b - 2 potions of magic
 d - 2 potions of curing {unknown}
 h - 2 potions of flight {unknown}
 j - a potion of might {unknown}
 m - 2 potions of haste {unknown}


   Skills:
 + Level 1.9 Dodging
 - Level 1.7 Stealth
 + Level 3.0 Spellcasting
 + Level 2.3 Conjurations
 + Level 3.6 Fire Magic


You had 3 spell levels left.
You knew the following spells:

 Your Spells              Type           Power      Damage    Failure   Level
a - Foxfire               Conj/Fire      52%        2x1d6     6%          1
b - Scorch                Fire           30%        2d6       7%          2
c - Kindle Blastsparks    Fire/Tloc/Air  14%        2d11      36%         3

Your spell library contained the following spells:

 Spells                   Type           Power      Damage    Failure   Level
 Inner Flame              Hex/Fire       9%         N/A       28%         3
 Gell's Gravitas          Tloc           2%         N/A       52%         3
 Lesser Beckoning         Tloc           4%         N/A       52%         3
 Teleport Other           Tloc           2%         N/A       52%         3
 Flame Wave               Conj/Fire      13%        2d6       52%         4
 Sticky Flame             Conj/Fire      13%        2d4       52%         4
 Olgreb's Toxic Radiance  Pois           2%         N/A       90%         4
 Ozocubu's Refrigeration  Ice            1%         4d7       100%        7
 Ignition                 Fire           7%         3d5       100%        8


Dungeon Overview and Level Annotations

Branches:
Dungeon (4/15)
 Temple: D:4-7

Altars:

Shops:
D:1 :   D:2 :


Innate Abilities, Weirdness & Mutations

You have a pair of antennae on your head.
A weak demonic guardian rushes to your aid.


Message History

You conjure some foxfire!
Casting: Foxfire (safe; 6% risk of failure)
Confirm with . or Enter, or press ? or * to list all spells.
You conjure some foxfire!
The foxfire hits the ball python.
You kill the ball python!
Your foxfire dissipates! x3
You now have 130 gold pieces (gained 7).
You open the door.
Found a great mace.
A steam dragon comes into view.
There is an open door here.
Casting: Foxfire (safe; 6% risk of failure)
Confirm with . or Enter, or press ? or * to list all spells.
You conjure some foxfire!
The steam dragon breathes steam at you. The ball of steam hits you!!
Ouch! That really hurt!
A demonic guardian appears!
Casting: Foxfire (safe; 6% risk of failure)
Confirm with . or Enter, or press ? or * to list all spells.
You miscast Foxfire.
You are very lightly contaminated with residual magic.
Nothing appears to happen.
You are engulfed in a cloud of scalding steam.
* * * LOW HITPOINT WARNING * * *
Casting: Foxfire (safe; 6% risk of failure)
Confirm with . or Enter, or press ? or * to list all spells.
You conjure some foxfire!
You are engulfed in a cloud of scalding steam.
* * * LOW HITPOINT WARNING * * *
The foxfire hits the steam dragon.
The steam dragon is lightly wounded.
The foxfire hits the steam dragon.
The steam dragon is moderately wounded.
The steam dragon breathes steam at you. The ball of steam hits your iron imp.
Your iron imp resists.
The ball of steam hits you!
You die...

#.# ##.....##
#####.#### ##...§...##
#........#
#....§.$..###.....##.#
+....§.D..+...........
#....§§§..###....###.#
#...§5..# #.#.####.#
#§v§§.# #...[....#
#v@.# #.######## ##'##
#.# #.# #.## #.# #<.#
##.########.#
##......(# #.#
#.....##.# #.#
##...###.# #.#
#.###..####.###.#


You could see a friendly iron imp (summoned).

Vanquished Creatures
  An adder (D:3)
  2 worms
  2 dart slugs
  An orc (D:3)
  4 endoplasms
  4 giant cockroaches (D:1)
  11 goblins
  7 hobgoblins
  3 jackals (D:3)
  6 quokkas
  9 ball pythons
  9 bats
  A frilled lizard (D:3)
  9 kobolds
  6 rats
75 creatures vanquished.

Vanquished Creatures (collateral kills)
  A foxfire (D:3)
1 creature vanquished.

Vanquished Creatures (others)
  224 foxfires
  2 plants (D:3)
226 creatures vanquished.

Grand Total: 302 creatures vanquished

Notes
Turn   | Place    | Note
-------+----------+-------------------------------------------
     0 | D:1      | funkygono the Demonspawn Fire Elementalist began the quest
                  | for the Orb.
     0 | D:1      | Reached XP level 1. HP: 13/13 MP: 3/3
   416 | D:1      | Gained mutation: You have a pair of small antennae on your
                  | head. [demonic ancestry]
   416 | D:1      | Reached XP level 2. HP: 19/19 MP: 1/5
   419 | D:1      | Learned a level 2 spell: Scorch
   644 | D:1      | Found Jostro's Book Emporium.
   961 | D:1      | Gained mutation: You have a pair of antennae on your head.
                  | [demonic ancestry]
   961 | D:1      | Reached XP level 3. HP: 24/24 MP: 3/6
   965 | D:1      | Learned a level 3 spell: Kindle Blastsparks
  2079 | D:2      | Found Mizerr's Book Emporium.
  2962 | D:3      | Gained mutation: A weak demonic guardian rushes to your
                  | aid. [demonic ancestry]
  2962 | D:3      | Reached XP level 4. HP: 27/30 MP: 4/8
  4215 | D:4      | Noticed a steam dragon
  4219 | D:4      | HP: 1/30 [steam dragon] (2)]
  4219 | D:4      | Killed from afar by a steam dragon

Illustrated notes

Levels and vault maps discovered:
D:1:      scummos_arrival_gate, layout_loops_corners, serial_shops,
          nicolae_lakefront_shop, minmay_tetromino_l4
D:2:      layout_basic, serial_shops, nicolae_shop_waterfront, moated_statue
D:3:      layout_basic, eino_tiny_chamber, chequers_big_river
D:4:      layout_loops_corners, kennysheep_little_box, minmay_temple_entry_trees

Skill      XL: |  1  2  3  4 |
---------------+-------------+-----
Fire Magic     | 3 |  3.6
Spellcasting   | 3 |  3.0
Conjurations   | 2 |  2.3
Dodging        | |  1.9
Stealth        | |  1.7

Action                   |  1- 3 |  4- 6 || total
-------------------------+-------+-------++-------
 Cast: Foxfire           |    92 |    49 ||   141
       Scorch            |    11 |     2 ||    13
Armor: Robe              |     5 |       ||     5
Dodge: Dodged            |    20 |     6 ||    26

Table legend: (Time is in decaauts)
 A = Elapsed time spent in this place.
 B = Non-inter-level travel time spent in this place.
 C = Inter-level travel time spent in this place.
 D = Time resting spent in this place.
 E = Time spent auto-exploring this place.
 F = Levels seen in this place.
 G = Mean time per level.
                   A        B        C        D        E       F      G
               +--------+--------+--------+--------+--------+-----+--------+
         Total |   4233 |   4153 |     80 |      0 |   3609 |   4 | 1058.2 |
       Dungeon |   4233 |   4153 |     80 |      0 |   3609 |   4 | 1058.2 |
               +--------+--------+--------+--------+--------+-----+--------+

Top non-repeatable levels by time:
     D:1: 1713 daAuts
     D:3: 1360 daAuts
     D:2: 1074 daAuts
     D:4: 84 daAuts
